 Dungeon Crawl Stone Soup version 0.23.2 (webtiles) character file.

Game seed: 14462493971964840824

1509 dvd the Chopper (level 8, 0/78 HPs)
             Began as a Troll Gladiator on Apr 2, 2019.
             Was a Believer of Qazlal.
             Shot with an arrow by a centaur (1 damage)
             ... on level 6 of the Dungeon.
             The game lasted 00:08:49 (4167 turns).

dvd the Chopper (Troll Gladiator)                   Turns: 4167, Time: 00:08:49

Health: 0/78       AC:  7    Str: 24    XL:     8   Next: 53%
Magic:  7/7        EV: 12    Int:  4    God:    Qazlal [**....]
Gold:   36         SH:  2    Dex: 14    Spells: 7/7 levels left

rFire    . . .     SeeInvis .   y - +2 flail (drain)
rCold    . . .     Gourm    +   (no shield)
rNeg     . . .     Faith    .   b - +0 robe
rPois    .         Spirit   .   c - +0 hat
rElec    .         Reflect  .   o - +0 cloak
rCorr    +         Harm     +   (gloves unavailable)
MR       .....                  (boots unavailable)
Stlth    ++........             I - amulet of harm
HPRegen  0.63/turn              B - +2 ring of dexterity
MPRegen  0.10/turn              H - ring of resist corrosion

@: no status effects
A: large, unfitting armour, claws 3, fast metabolism 3, gourmand, regeneration
1, shaggy fur 1, tough skin 3
a: Upheaval, Renounce Religion


You were on level 6 of the Dungeon.
You worshipped Qazlal.
Qazlal was pleased with you.
You were completely stuffed.

You visited 1 branch of the dungeon, and saw 6 of its levels.

You collected 326 gold pieces.
You spent 290 gold pieces at shops.

Inventory:

Hand Weapons
 a - a +0 war axe
 v - a +0 giant spiked club
 y - a +2 flail of draining (weapon)
Armour
 b - a +0 robe (worn)
 c - a +0 hat (worn)
 o - a +0 cloak (worn)
Magical Staves
 G - an uncursed staff of fire
Jewellery
 u - an uncursed ring of fire
 B - a +2 ring of dexterity (left claw)
 C - an uncursed ring of fire
 F - an uncursed ring of wizardry
 H - a ring of resist corrosion (right claw)
 I - an amulet of harm (around neck)
Wands
 q - a wand of polymorph (12)
Scrolls
 e - 6 scrolls of identify {unknown}
 g - 2 scrolls of teleportation {unknown}
 h - a scroll of amnesia {unknown}
 l - 6 scrolls of remove curse {unknown}
 p - a scroll of random uselessness {unknown}
 s - 2 scrolls of enchant weapon {unknown}
 w - a scroll of immolation {unknown}
 x - 2 scrolls of magic mapping {unknown}
 J - a scroll of blinking {unknown}
Potions
 d - 4 potions of degeneration {unknown}
 i - 3 potions of cancellation {unknown}
 j - a potion of lignification {unknown}
 k - 4 potions of brilliance {unknown}
 m - a potion of magic {unknown}
 n - a potion of mutation {unknown}
 r - 2 potions of heal wounds {unknown}
 t - 2 potions of might
 A - a potion of curing {unknown}
 D - 2 potions of haste {unknown}
Miscellaneous
 E - a phantom mirror
Comestibles
 f - 11 rations
 z - 6 chunks of flesh


   Skills:
 + Level 4.1 Fighting
 + Level 6.2(6.6) Axes
 + Level 3.7(5.8) Maces & Flails
 + Level 2.1 Throwing
 + Level 4.4 Dodging
 + Level 1.0 Stealth


You had 7 spell levels left.
You didn't know any spells.
Your spell library contained the following spells:

 Spells                   Type           Power        Failure   Level  Hunger
 Haunt                    Necr/Summ      #.........   100%        7    #######
 Borgnjor's Revivificati  Necr           #.........   100%        8    #######
 Death's Door             Chrm/Necr      #.........   100%        8    #######
 Infestation              Necr           #.........   100%        8    #######
 Necromutation            Tmut/Necr      #.........   100%        8    #######


Dungeon Overview and Level Annotations

Branches:
Dungeon (6/15)             Temple (0/1) D:5

Altars:
Fedhas
Gozag
Hepliaklqana
Nemelex Xobeh
Qazlal
Ru
Wu Jian
Yredelemnul

Shops:
D:6 *


Innate Abilities, Weirdness & Mutations

You are too large for most types of armour.
You have claws for hands.
Your metabolism is lightning-fast.
You like to eat raw meat.
Your natural rate of healing is unusually fast.
You are covered in fur. (AC +1)
You have extremely tough skin. (AC +3)


Message History

The centaur shoots an arrow.
The arrow hits you. The arrow freezes you.
You see here an arrow.
The centaur shoots an arrow.
The arrow hits you! The arrow freezes you.
You see here 2 arrows.
The centaur shoots an arrow.
The arrow hits you. The arrow freezes you.
The centaur shoots an arrow.
The arrow hits you!
* * * LOW HITPOINT WARNING * * *
The arrow freezes you.
* * * LOW HITPOINT WARNING * * *
You see here 3 arrows.
A giant cockroach comes into view.
The centaur shoots an arrow.
The arrow hits you.
* * * LOW HITPOINT WARNING * * *
The arrow freezes you.
* * * LOW HITPOINT WARNING * * *
You see here an arrow.
The centaur shoots an arrow.
The arrow hits you.
* * * LOW HITPOINT WARNING * * *
The arrow freezes you.
You die...

..########.#......##.#.###.
#..#####.......#.# #..#
####.###.## #..# #.# ###.
#..# #.# #. .######(.# #.#
#. .......(.# #.# #.
.#####.ยง.##### #.# #.
#..@.....# #.# #.
#.......#.# #.. #.
#........# #. #.#..c....#
#. #.###.......) #. .#
##.s.#.### #. ##.##.. #.
#.# ### #. #.


You could see a centaur and a giant cockroach.

Vanquished Creatures
  Edmund (D:5)
  An ice beast (D:5)
  A phantom (D:5)
  3 ogres
  A centaur (D:5)
  4 scorpions
  A crimson imp (D:3)
  2 orc priests (D:4)
  2 bullfrog skeletons
  2 hounds
  6 orc wizards
  2 worker ants
  A killer bee zombie (D:4)
  2 worker ant zombies
  Robin (D:3)
  8 adders
  A shadow imp (D:5)
  2 worms
  A dart slug (D:1)
  3 leopard geckos
  24 orcs
  A giant cockroach (D:3)
  14 goblins
  8 hobgoblins
  2 jackals (D:5)
  3 kobolds
  4 quokkas
  3 bats
  5 frilled lizards
  3 leopard gecko skeletons
  6 rats
  A spectral orc (D:5)
119 creatures vanquished.

Notes
Turn   | Place    | Note
-------+----------+-------------------------------------------
     0 | D:1      | dvd the Troll Gladiator began the quest for the Orb.
     0 | D:1      | Reached XP level 1. HP: 19/19 MP: 0/0
   159 | D:1      | Reached XP level 2. HP: 28/28 MP: 1/1
   783 | D:2      | Reached XP level 3. HP: 19/35 MP: 2/2
   957 | D:2      | Reached skill level 3 in Axes
  1562 | D:3      | Reached XP level 4. HP: 42/42 MP: 3/3
  1869 | D:3      | Reached XP level 5. HP: 36/49 MP: 4/4
  1875 | D:3      | Reached skill level 4 in Axes
  1922 | D:3      | Noticed Robin
  1935 | D:3      | Killed Robin
  1961 | D:3      | Found a stormy altar of Qazlal.
  1963 | D:3      | Found a sparkling altar of Nemelex Xobeh.
  1965 | D:3      | Found an opulent altar of Gozag.
  1998 | D:3      | Became a worshipper of Qazlal Stormbringer
  2175 | D:4      | Noticed an ogre
  2235 | D:4      | Killed an ogre
  2235 | D:4      | Reached XP level 6. HP: 24/59 MP: 5/5
  2333 | D:3      | HP: 2/59 [poisoned by a worker ant]
  2481 | D:4      | Reached skill level 5 in Axes
  2623 | D:4      | Found an ornate altar of the Wu Jian Council.
  2654 | D:4      | Reached XP level 7. HP: 47/67 MP: 6/6
  2812 | D:4      | Found a hazy altar of Hepliaklqana.
  3104 | D:4      | Reached * piety under Qazlal
  3245 | D:5      | Entered Level 5 of the Dungeon
  3252 | D:5      | Noticed Edmund
  3269 | D:5      | Killed Edmund
  3296 | D:5      | Found a basalt altar of Yredelemnul.
  3421 | D:5      | Reached skill level 6 in Axes
  3452 | D:5      | Found a staircase to the Ecumenical Temple.
  3496 | D:5      | Reached skill level 1 in Maces & Flails
  3496 | D:5      | Reached XP level 8. HP: 54/76 MP: 7/7
  3546 | D:5      | Found a large runed translucent door.
  3547 | D:5      | Found a large runed translucent door.
  3556 | D:5      | Found a large runed translucent door.
  3556 | D:5      | Found a large runed translucent door.
  3814 | D:5      | Reached skill level 1 in Stealth
  3890 | D:6      | Found a sacrificial altar of Ru.
  3954 | D:6      | Found a blossoming altar of Fedhas.
  4092 | D:6      | Found Jaggudy's Assorted Antiques.
  4100 | D:6      | Bought a notched marble ring for 145 gold pieces
  4100 | D:6      | Bought a thick silver amulet for 145 gold pieces
  4161 | D:6      | Reached ** piety under Qazlal
  4167 | D:6      | HP: 1/78 [centaur/arrow (7)]
  4167 | D:6      | Shot with an arrow by a centaur

Skill      XL: |  1  2  3  4  5  6  7  8 |
---------------+-------------------------+-----
Dodging        | 3 4 |  4.4
Axes           | 3 4 5 6 |  6.2
Throwing       | 2 |  2.1
Fighting       | 2 3 4 |  4.1
Maces & Flails | 1 3 |  3.7
Stealth        | 1 |  1.0

Action                   |  1- 3 |  4- 6 |  7- 9 || total
-------------------------+-------+-------+-------++-------
Melee: War axe           |    93 |   130 |    49 ||   272
       Flail             |       |       |   103 ||   103
Throw: Throwing net      |     6 |     2 |     1 ||     9
 Stab: Held in net/web   |       |     1 |       ||     1
       Sleeping          |       |       |     1 ||     1
  Eat: Chunk             |    19 |    12 |    14 ||    45
Armor: Robe              |    37 |    46 |    39 ||   122
Dodge: Dodged            |    52 |    79 |   118 ||   249
Block: Other             |       |       |     9 ||     9
